 Dungeon Crawl Stone Soup version 0.30-b1-5-g8e6c1be481 (webtiles) character file.

Game seed: 9253748665930042375

63 Mysteryquy the Trooper (level 3, -1/29 HPs)
             Began as a Demonspawn Fighter on May 4, 2023.
             Was a Follower of Vehumet.
             Slain by a water moccasin (3 damage)
             ... on level 5 of the Dungeon.
             The game lasted 00:02:30 (1804 turns).

Mysteryquy the Trooper (Demonspawn Fighter)         Turns: 1804, Time: 00:02:30

Health: -1/29      AC:  6    Str: 18    XL:     3   Next: 89%
Magic:  3/3        EV: 11    Int:  9    God:    Vehumet [*.....]
Gold:   165        SH:  4    Dex: 12    Spells: 2/2 levels left

rFire   . . .        g - +0 whip
rCold   . . .        c - +0 buckler
rNeg    . . .        b - +0 scale mail
rPois   .            (helmet restricted)
rElec   .            (no cloak)
rCorr   .            (no gloves)
SInv    .            (no boots)
Will    .....        (no amulet) Stlth
                     (no ring)
HPRegen 0.24/turn    (no ring)
MPRegen 0.08/turn

%: no passive effects
@: no status effects
A: antennae 1, repulsion field 1
a: Renounce Religion


You were on level 5 of the Dungeon.
You worshipped Vehumet.
Vehumet was aware of your devotion.
You visited 1 branch of the dungeon, and saw 4 of its levels.

You collected 165 gold pieces.

Inventory:

Hand Weapons
 a - a +0 flail
 g - a +0 whip (weapon)
Armour
 b - a +0 scale mail (worn)
 c - a +0 buckler (worn)
Jewellery
 k - a ring of willpower
Wands
 u - a wand of digging (3)
Scrolls
 h - a scroll of magic mapping {unknown}
 i - a scroll of butterflies {unknown}
 l - 2 scrolls of identify {unknown}
 n - 3 scrolls of poison {unknown}
 o - a scroll of fear {unknown}
 q - a scroll of enchant armour {unknown}
 s - 2 scrolls of teleportation {unknown}
 t - a scroll of enchant weapon {unknown}
Potions
 d - a potion of might
 e - 2 potions of heal wounds {unknown}
 f - a potion of brilliance {unknown}
 j - a potion of ambrosia {unknown}
 m - a potion of lignification {unknown}
 p - a potion of attraction {unknown}
 r - 2 potions of curing {unknown}


   Skills:
 + Level 3.5 Fighting
 + Level 2.2 Maces & Flails
 + Level 3.2 Armour
 + Level 0.9 Dodging
 + Level 3.0 Shields


You had 2 spell levels left.
You didn't know any spells.
Your spell library was empty.

Dungeon Overview and Level Annotations

Branches:
Dungeon (5/15)
 Temple: D:4-7

Altars:
Vehumet

Shops:
D:2 [


Innate Abilities, Weirdness & Mutations

You have a pair of small antennae on your head.
You are surrounded by a mild repulsion field. (EV +2)


Message History

No target in view!
No target in view!
No target in view!
No target in view!
No target in view!
No target in view!
No target in view!
No target in view!
No target in view!
HP restored.
You see here a +0 club.
A sourceless malevolence fills the Dungeon...
You fall into a shaft and drop 2 floors!
The shaft crumbles and collapses.
Found seven items.
Found an escape hatch in the ceiling.
No target in view!
No target in view!
A water moccasin comes into view.
The water moccasin hisses angrily.
An ice beast comes into view.
The water moccasin closely misses you.
The water moccasin bites you but does no damage.
You barely miss the ice beast. The water moccasin closely misses you.
The ice beast hits you. The ice beast freezes you.
You hit the ice beast.
The ice beast is lightly wounded.
The water moccasin bites you. You block the ice beast's attack.
You barely miss the water moccasin. The water moccasin closely misses you.
The water moccasin bites you.
The ice beast hits you but does no damage.
You hit the ice beast but do no damage.
The ice beast is lightly wounded.
The water moccasin bites you. The ice beast hits you.
* * * LOW HITPOINT WARNING * * *
The ice beast freezes you!
* * * LOW HITPOINT WARNING * * *
You hit the ice beast.
The ice beast is lightly wounded.
The water moccasin bites you.
You die...

######
#....#########
#....#........
#....#.........
#.<..#..#####..
#....#..#?)[#..
#..YS#..#$[[#..
+...@.$.#$$[#..
#....#..#####..
######.........
#.........
##########


You could see a water moccasin and an ice beast.

Vanquished Creatures
  An adder (D:2)
  2 worms (D:2)
  A dart slug (D:2)
  3 bats
  2 endoplasms (D:1)
  5 goblins
  4 hobgoblins
  3 jackals (D:2)
  3 quokkas
  5 ball pythons
  2 frilled lizards (D:1)
  9 kobolds
  7 rats
47 creatures vanquished.

Notes
Turn   | Place    | Note
-------+----------+-------------------------------------------
     0 | D:1      | Mysteryquy the Demonspawn Fighter began the quest for the
                  | Orb.
     0 | D:1      | Reached XP level 1. HP: 18/18 MP: 1/1
    85 | D:1      | Gained mutation: You are surrounded by a mild repulsion
                  | field. (EV +2) [demonic ancestry]
    85 | D:1      | Reached XP level 2. HP: 24/24 MP: 2/2
   749 | D:2      | Gained mutation: You have a pair of small antennae on your
                  | head. [demonic ancestry]
   749 | D:2      | Reached XP level 3. HP: 26/29 MP: 3/3
  1123 | D:2      | Found a faded altar of an unknown god.
  1158 | D:2      | Prayed at the altar of an unknown god.
  1158 | D:2      | Became a worshipper of Vehumet
  1158 | D:2      | Reached * piety under Vehumet
  1158 | D:2      | Offered knowledge of Freeze by Vehumet.
  1420 | D:2      | Found Rauqeakh's Armour Shoppe.
  1795 | D:3      | You fall into a shaft and drop 2 floors!
  1795 | D:5      | Entered Level 5 of the Dungeon
  1797 | D:5      | Noticed a water moccasin
  1797 | D:5      | Noticed an ice beast
  1803 | D:5      | HP: 1/29 [ice beast (7)]
  1804 | D:5      | Slain by a water moccasin

Illustrated notes

Levels and vault maps discovered:
D:1:      mrwooster_arrival_statue, layout_basic
D:2:      layout_rooms, serial_shops, nicolae_shop_hallway_plus,
          nicolae_ecumenical_pavilion
D:3:      layout_loops_ring, elyvilon_altar_3, lemuel_coloured_pillars_altar,
          uniq_jessica
D:5:      layout_basic, mainiacjoe_overflow_two_lobes, serial_shops,
          nicolae_diamond_shop, shop, dreamdust_mushroom_princess,
          due_unseen_surprise

Skill      XL: |  1  2  3 |
---------------+----------+-----
Maces & Flails | 2 |  2.2
Armour         | 3 |  3.2
Shields        | 3 |  3.0
Fighting       | |  3.5
Dodging        | |  0.9

Action                     || total
---------------------------++-------
  Melee: Flail             ||    64
         Whip              ||   190
 Armour: Scale mail        ||   142
  Dodge: Dodged            ||   226
  Block: Buckler           ||    71
